AoeStats
← tony10246

Black Forest

507069079Analyzed
4v4 RM · 15d ago on Sep 16, 2026· 55m 22s· 8 players
Game mode
Random Map
Map size
Large (8 player)
Population
200
Speed
Normal
Resources
Standard
Victory
Conquest
Starting age
Dark Age
Ending age
Imperial Age
RankedLock teamsTeams togetherTeam positionsShared explorationLock speedFull tech treeHidden civsTurbo modeCheats
Victory
Defeat
🇹🇼 Portuguese · Taiwan
1264
+15
🇺🇸 Georgians · United States
1240
+16
🇨🇳 Poles · China
1236
+16
🇨🇦 Celts · Canada
1226
+16
🇹🇼 Persians · Taiwan
1356
-21
🇻🇳 Khmer · Vietnam
1275
-17
🇯🇵 Turks · Japan
1189
-14
🇹🇼 Cumans · Taiwan
1118
-11
ׅ
0:50 Loom
10:15 Feudal Age
17:56 Castle Age
17:02 Gold Mining
18:17 Forging
21:10 Husbandry
22:49 Bloodlines
27:21 Double-Bit Axe
28:28 Iron Casting
27:59 Scale Barding Armor
34:56 Imperial Age
34:40 Svan Towers
37:17 Sanctity
37:13 Block Printing
37:08 Fervor
37:36 Theocracy
39:08 Blast Furnace
38:28 Chain Barding Armor
50:35 Plate Barding Armor
nieBla_aODI
10:24 Feudal Age
14:40 Castle Age
12:39 Double-Bit Axe
14:16 Horse Collar
14:39 Loom
17:17 Bow Saw
18:36 Heavy Plow
20:33 Wheelbarrow
28:07 Imperial Age
26:25 Hand Cart
26:47 Scale Mail Armor
26:53 Gold Mining
26:54 Stone Mining
28:52 Town Watch
28:31 Pikeman
29:28 Chain Mail Armor
28:38 Capped Ram
30:29 Forging
31:21 Plate Mail Armor
31:42 Gold Shaft Mining
31:43 Stone Shaft Mining
31:47 Onager
34:38 Iron Casting
33:25 Halberdier
34:01 Capped Ram
34:54 Furor Celtica
37:14 Blast Furnace
36:05 Fletching
36:38 Conscription
36:55 Hoardings
36:26 Gambesons
38:04 Chemistry
37:11 Siege Engineers
36:47 Treadmill Crane
37:18 Masonry
37:08 Heavy Scorpion
37:14 Siege Ram
37:55 Stronghold
39:36 Siege Onager
53:53 Elite Woad Raider
54:30 Bodkin Arrow
55:34 Town Patrol
alex1993327
0:28 Loom
12:55 Feudal Age
16:37 Castle Age
14:37 Double-Bit Axe
16:02 Stone Mining
17:55 Horse Collar
22:14 Heavy Plow
28:05 Gold Mining
34:08 Imperial Age
34:50 Wheelbarrow
36:26 Bow Saw
36:39 Elite Organ Gun
37:51 Hand Cart
37:52 Town Watch
40:14 Caravan
41:55 Siege Engineers
44:06 Treadmill Crane
45:27 Chemistry
45:35 Two-Man Saw
44:45 Capped Ram
47:01 Coinage
46:55 Block Printing
48:04 Banking
48:35 Arquebus
49:58 Stone Shaft Mining
49:41 Masonry
网恋被骗700块
10:54 Feudal Age
17:27 Castle Age
15:45 Double-Bit Axe
18:24 Bow Saw
20:28 Horse Collar
22:19 Wheelbarrow
23:38 Hand Cart
23:31 Loom
28:12 Forging
28:16 Heavy Plow
31:21 Imperial Age
29:44 Szlachta Privileges
29:53 Bloodlines
29:44 Husbandry
29:57 Scale Barding Armor
29:24 Light Cavalry
30:49 Gold Mining
30:52 Stone Mining
31:48 Chain Barding Armor
32:03 Iron Casting
31:29 Cavalier
32:45 Lechitic Legacy
32:46 Conscription
33:59 Crop Rotation
35:28 Stone Shaft Mining
34:54 Winged Hussar
37:22 Blast Furnace
42:16 Town Watch
牛来
0:26 Loom
13:38 Feudal Age
18:20 Castle Age
16:50 Double-Bit Axe
17:46 Stone Mining
19:13 Bow Saw
26:29 Fletching
27:08 Horse Collar
30:53 Wheelbarrow
32:16 Gold Mining
35:57 Imperial Age
35:18 Gold Shaft Mining
35:23 Fortified Wall
35:33 Town Watch
37:01 Conscription
37:53 Bombard Tower
43:10 Ballistics
46:05 Bodkin Arrow
47:34 Bracer
tony10246
10:55 Feudal Age
12:26 Double-Bit Axe
19:00 Castle Age
16:51 Horse Collar
18:47 Wheelbarrow
19:49 Heavy Plow
20:00 Bow Saw
21:03 Loom
21:05 Town Watch
23:05 Hand Cart
25:42 Gold Mining
31:00 Imperial Age
29:12 Town Patrol
29:20 Scale Barding Armor
29:26 Forging
29:53 Stone Mining
30:38 Gold Shaft Mining
30:28 Bloodlines
31:13 Chain Barding Armor
31:29 Iron Casting
31:06 Cavalier
32:56 Plate Barding Armor
33:34 Two-Man Saw
33:08 Crop Rotation
32:31 Paladin
34:23 Blast Furnace
35:40 Scale Mail Armor
35:07 Pikeman
35:48 Squires
38:23 Halberdier
39:36 Chain Mail Armor
42:53 Arson
43:40 Plate Mail Armor
45:33 Conscription
45:16 Steppe Husbandry
50:45 Chemistry
50:42 Thumb Ring
49:58 Heavy Cavalry Archer
51:04 Parthian Tactics
50:54 Caravan
51:24 Coinage
53:19 Fletching
天線小號
3:30 Loom
11:49 Feudal Age
15:56 Castle Age
14:11 Double-Bit Axe
14:12 Horse Collar
16:57 Town Watch
23:39 Heavy Plow
24:38 Gold Mining
26:42 Wheelbarrow
26:30 Stone Mining
28:12 Bow Saw
32:14 Imperial Age
30:00 Scale Barding Armor
30:00 Fletching
31:08 Forging
31:19 Chain Barding Armor
31:18 Bodkin Arrow
32:44 Iron Casting
33:24 Hand Cart
33:43 Crop Rotation
33:51 Plate Barding Armor
33:58 Conscription
34:04 Husbandry
34:15 Bloodlines
35:42 Devotion
36:30 Hoardings
36:19 Citadels
36:17 Capped Ram
39:09 Blast Furnace
37:31 Elite War Elephant
42:00 Faith
43:02 Coinage
45:19 Chemistry
44:40 Ballistics
44:31 Masonry
44:11 Light Cavalry
45:08 Padded Archer Armor
46:11 Two-Man Saw
51:45 Architecture
51:11 Murder Holes
53:15 Hussar
越南王力宏
0:27 Loom
12:27 Feudal Age
13:06 Town Watch
16:19 Castle Age
15:46 Horse Collar
17:21 Double-Bit Axe
22:59 Bow Saw
24:31 Wheelbarrow
25:53 Heavy Plow
27:26 Gold Mining
27:28 Stone Mining
32:40 Imperial Age
30:41 Hand Cart
33:23 Heavy Scorpion
37:44 Ballistics
37:30 Siege Engineers
38:34 Pikeman
42:49 Halberdier
48:44 Onager
Connection lost

Rejoining the realm…

Still unreachable

The connection could not be restored.

Session expired

The server has moved on; the page needs a fresh start.